 Dungeon Crawl Stone Soup version 0.27.1 (webtiles) character file.

Game seed: 2581516299257487171

1 Kala the Digger (level 1, 9/10 HPs)
             Began as a Gargoyle Earth Elementalist on Aug 31, 2021.
             Quit the game on level 1 of the Dungeon.
             The game lasted 00:00:36 (83 turns).

Kala the Digger (Gargoyle Earth Elementalist)         Turns: 83, Time: 00:00:37

Health: 9/10       AC:  4    Str: 11    XL:     1   Next: 20%
Magic:  0/3        EV: 11    Int: 15    God:
Gold:   0          SH:  0    Dex: 10    Spells: 3/4 levels left

rFire    . . .     SeeInvis .   (no weapon)
rCold    . . .     Faith    .   (no shield)
rNeg     + . .     Spirit   .   b - +0 robe
rPois    ∞         Reflect  .   (no helmet)
rElec    +         Harm     .   (no cloak)
rCorr    .         Rampage  .   (no gloves)
Will     .....                  (no boots)
Stlth    ++........             (no amulet)
HPRegen  0.03/turn              (no ring)
MPRegen  0.08/turn              (no ring)

@: no status effects
A: sickness immunity, AC +2, negative energy resistance 1, electricity
resistance, torment resistance 1, petrification resistance
a: no special abilities


You were on level 1 of the Dungeon.
You visited 1 branch of the dungeon, and saw 1 of its levels.

Inventory:

Missiles
 c - 27 stones
Armour
 b - a +0 robe (worn)
Potions
 a - a potion of resistance {unknown}


   Skills:
 + Level 1.5 Dodging
 + Level 2.1 Stealth
 + Level 2.0 Spellcasting
 + Level 0.7 Transmutations
 + Level 3.7 Earth Magic


You had 3 spell levels left.
You knew the following spells:

 Your Spells              Type           Power      Damage    Failure   Level
a - Sandblast             Erth           24%        2d8       4%          1

Your spell library contained the following spells:

 Spells                   Type           Power      Damage    Failure   Level
 Passwall                 Tmut/Erth      6%         N/A       14%         2
 Stone Arrow              Conj/Erth      14%        3d7       30%         3
 Petrify                  Tmut/Erth      8%         N/A       65%         4


Dungeon Overview and Level Annotations

Branches:
Dungeon (1/15)

Altars:


Innate Abilities, Weirdness & Mutations

You are immune to sickness and miasma.
Your stone body is resilient. (AC +2)
You are immune to poison.
You resist negative energy. (rN+)
You are resistant to electric shocks. (rElec)
You are resistant to unholy torment.
You are immune to petrification.


Message History

You add the spells Sandblast, Passwall, Stone Arrow and Petrify to your library.
Welcome, Kala the Gargoyle Earth Elementalist.
It is said that the Orb of Zot exists deep within this dungeon.
Press ? for a list of commands and other information.
Found a staircase leading out of the dungeon.
Okay, then.
Number of times to repeat, then command key: You must enter the number of times for the command to repeat.
Found a bubbling blue potion.
a - a bubbling blue potion
Found a stone staircase leading down.
A giant cockroach comes into view.
You hit the giant cockroach but do no damage.
The giant cockroach bites you but does no damage.
Aiming: Sandblast (safe; 4% risk of failure)
Press: ? - help, Q - select action, (/) - cycle Shift-Dir - straight line, f - giant cockroach
Aim: a giant cockroach (79% to hit)
The blast of sand hits the giant cockroach but does no damage.
The giant cockroach closely misses you. The giant cockroach barely misses you.
Aiming: Sandblast (safe; 4% risk of failure)
Press: ? - help, Q - select action, (/) - cycle Shift-Dir - straight line, f/p - giant cockroach
Aim: a giant cockroach (79% to hit)
The blast of sand misses the giant cockroach.
The giant cockroach bites you.
Aiming: Sandblast (safe; 4% risk of failure)
Press: ? - help, Q - select action, (/) - cycle Shift-Dir - straight line, f/p - giant cockroach
Aim: a giant cockroach (79% to hit)
The blast of sand hits the giant cockroach.
You kill the giant cockroach!
Okay, then.
Are you sure you want to abandon this character and quit the game? (Confirm with "yes".)

#.###. #....##
#...>.# #.....# #
###### #.....#.#
####.....
#.......####........
#.....###.......####
#@# ##.....####
#.##.###....###
#..........## ##
#.........## ###..
#.##......# ##...
#....###### ##...##
###### #...##.
#...... #...##.


There were no monsters in sight!

Vanquished Creatures
  A giant cockroach (D:1)
1 creature vanquished.

Notes
Turn   | Place    | Note
-------+----------+-------------------------------------------
     0 | D:1      | Kala the Gargoyle Earth Elementalist began the quest for
                  | the Orb.
     0 | D:1      | Reached XP level 1. HP: 10/10 MP: 3/3
    83 | D:1      | Quit the game

Illustrated notes

Levels and vault maps discovered:
D:1:      dpeg_arrival_circle_labyrinth_c, layout_basic, serial_shops,
          nicolae_square_shop

Action                   || total
-------------------------++-------
Melee: Unarmed           ||     1
 Cast: Sandblast         ||     3
Armor: Robe              ||     1
Dodge: Dodged            ||     2
